 Dungeon Crawl Stone Soup version 0.30.0-29-ga12c61a403 (webtiles) character file.

Game seed: 7309317499272986958

96 Descartes the Charlatan (level 4, -2/32 HPs)
             Began as a Formicid Wanderer on June 21, 2023.
             Slain by an orc
             ... wielding a +0 mace
              (6 damage)
             ... on level 3 of the Dungeon.
             The game lasted 00:03:54 (1958 turns).

Descartes the Charlatan (Formicid Wanderer)         Turns: 1958, Time: 00:03:54

Health: -2/32      AC:  3    Str: 16 (18) XL:     4   Next: 98%
Magic:  6/6        EV: 10    Int:  8 (11) God:
Gold:   83         SH:  4    Dex: 12 (14) Spells: 6/6 levels left

rFire   . . .        p - +0 great mace
rCold   . . .        b - +0 buckler
rNeg    . . .        d - +0 leather armour
rPois   .            (helmet unavailable)
rElec   .            (no cloak)
rCorr   .            (no gloves)
SInv    +            (no boots)
Will    .....        (no amulet)
Stlth   +            (no ring)
HPRegen 0.25/turn    (no ring)
MPRegen 0.10/turn

%: no passive effects
@: mighty, flying
A: permanent stasis, dig shafts and tunnels, antennae 3, four strong arms
a: Dig, Shaft Self


You were on level 3 of the Dungeon.
You visited 1 branch of the dungeon, and saw 3 of its levels.

You collected 83 gold pieces.

Inventory:

Hand Weapons
 a - a +0 club
 l - a +0 mace
 p - a +0 great mace (weapon)
Armour
 b - a +0 buckler (worn)
 d - a +0 leather armour (worn)
Scrolls
 h - a scroll of amnesia {unknown}
 i - 3 scrolls of blinking {unknown}
 j - 3 scrolls of identify {unknown}
 m - a scroll of enchant armour {unknown}
 n - 2 scrolls of fear {unknown}
 o - 3 scrolls of teleportation {unknown}
 q - a scroll of enchant weapon {unknown}
 r - a scroll of butterflies {unknown}
 s - a scroll of silence {unknown}
 t - a scroll of torment {unknown}
Potions
 c - a potion of might
 u - a potion of berserk rage {unknown}
 v - a potion of attraction {unknown}
Miscellaneous
 e - a lightning rod (4/4) (quivered)


   Skills:
 + Level 1.2 Fighting
 + Level 1.2 Maces & Flails
 - Level 2.0 Throwing
 + Level 1.2 Armour
 + Level 2.4 Shields
 + Level 1.7 Spellcasting
 + Level 2.2 Translocations
 + Level 1.4 Earth Magic
 + Level 4.7 Evocations


You had 6 spell levels left.
You didn't know any spells.
Your spell library contained the following spells:

 Spells                   Type           Power      Damage    Failure   Level
 Lesser Beckoning         Tloc           8%         N/A       34%         2
 Momentum Strike          Conj/Tloc      4%         3d8       50%         2


Dungeon Overview and Level Annotations

Branches:
Dungeon (3/15)

Altars:


Innate Abilities, Weirdness & Mutations

You cannot be hasted, slowed, berserked, paralysed or teleported.
You can dig through walls and to a lower floor.
You have a pair of large antennae on your head. (SInv)
Your four strong arms can wield two-handed weapons with a shield.


Message History

An orc comes into view. It is wielding a +0 morningstar.
The orc hits you with a +0 flail.
* * * LOW HITPOINT WARNING * * *
The orc shouts!
You hit the orc.
The orc is heavily wounded.
You hear a shout! x2
The orc hits you with a +0 flail!
* * * LOW HITPOINT WARNING * * *
The orc barely misses you.
The orc wizard mumbles some strange words.
The orc wizard flickers and vanishes for a moment.
It was a potion of degeneration.
There was something very wrong with that liquid.
You feel weakened.
You feel dopey.
You feel clumsy. The orc hits you but does no damage.
It was a potion of flight.
You feel very buoyant.
You fly up into the air.
The orc hits you with a +0 flail.
* * * LOW HITPOINT WARNING * * *
It was a potion of heal wounds.
You feel much better. The orc misses you.
You feel very mighty all of a sudden. The orc hits you with a +0 flail.
You bludgeon the orc!!
You kill the orc!
The orc hits you with a +0 mace.
You hit the orc.
The orc is severely wounded.
The orc hits you with a +0 mace!
* * * LOW HITPOINT WARNING * * *
You closely miss the orc.
The orc is severely wounded.
The orc barely misses you. The orc closely misses you.
You barely miss the orc.
The orc is severely wounded.
The orc misses you.
You barely miss the orc.
The orc is severely wounded.
The orc hits you with a +0 mace.
You die...

#.# #.##. #.# ...o
#)# {{{.# #.#####
#########.g##..g
......#
#og{{{{.og....#
#.###.#
#g######go.##.#
....#.# #g# #{#.#
{ #.#.#.# #o#
#.#.#
..#.#.##########@#
#.. .
....#.........##.#
#.# ##
#.###########.##.#
#.#
#...........#.##.#
#.(
###########.#.##.#
#†#[##.#
###########.#.##.#
............#....#
#############.##.#


You could see an orc wizard (invisible), an orc, a hobgoblin and 2 goblins.

Vanquished Creatures
  An orc priest (D:3)
  An adder (D:3)
  8 orcs (D:3)
  4 ball pythons
  3 endoplasms (D:2)
  5 giant cockroaches
  5 goblins
  4 hobgoblins
  4 jackals (D:3)
  A quokka (D:2)
  2 bats
  3 kobolds
  2 rats
43 creatures vanquished.

Notes
Turn   | Place    | Note
-------+----------+-------------------------------------------
     0 | D:1      | Descartes the Formicid Wanderer began the quest for the
                  | Orb.
     0 | D:1      | Descartes set off with the following items: a +0 club, a +0
                  | buckler, a potion of might, a +0 leather armour, a
                  | lightning rod (4/4); and the following spells available to
                  | memorise: Lesser Beckoning, Momentum Strike.
     0 | D:1      | Reached XP level 1. HP: 13/13 MP: 2/2
   264 | D:1      | Reached XP level 2. HP: 5/19 MP: 3/3
   952 | D:2      | Reached XP level 3. HP: 25/25 MP: 4/4
  1076 | D:2      | Reached skill level 1 in Earth Magic
  1260 | D:2      | Found a faded altar of an unknown god.
  1560 | D:3      | Reached XP level 4. HP: 18/31 MP: 6/6
  1564 | D:3      | Reached skill level 1 in Fighting
  1564 | D:3      | Reached skill level 1 in Armour
  1707 | D:3      | Reached skill level 1 in Maces & Flails
  1951 | D:3      | HP: 1/32 [orc/+0 flail (4)]
  1958 | D:3      | Slain by an orc

Illustrated notes

Levels and vault maps discovered:
D:1:      minmay_arrival_jagged, layout_loops_corners
D:2:      layout_loops_ring, shapermc_ecumenical_altar_acropolis
D:3:      minmay_spotlight, layout_basic, minmay_diced_spiral, uniq_robin

Skill      XL: |  1  2  3  4 |
---------------+-------------+-----
Translocations | 2 |  2.2
Earth Magic    | 1 |  1.4
Shields        | 2 |  2.4
Fighting       | 1 |  1.2
Armour         | 1 |  1.2
Maces & Flails | 1 |  1.2
Throwing       | |  2.0
Spellcasting   | |  1.7
Evocations     | |  4.7

Action                     |  1- 3 |  4- 6 || total
---------------------------+-------+-------++-------
  Melee: Club              |    51 |       ||    51
         Mace              |    36 |       ||    36
         Great mace        |    39 |    47 ||    86
    Use: Potion            |       |     4 ||     4
   Stab: Sleeping          |     1 |       ||     1
 Armour: Leather armour    |    45 |     6 ||    51
  Dodge: Dodged            |    80 |    25 ||   105
  Block: Buckler           |    27 |    10 ||    37
